 Dungeon Crawl Stone Soup version 0.29-a0-973-gac7da5f7f0 (webtiles) character file.

Game seed: 16649479329349273034

78 gelatine the Conjurer (level 3, 0/26 HPs)
             Began as a Demigod Conjurer on July 31, 2022.
             Slain by a kobold
             ... wielding a +0 dagger
              (1 damage)
             ... on level 4 of the Dungeon.
             The game lasted 00:06:49 (2613 turns).

gelatine the Conjurer (Demigod Conjurer)            Turns: 2613, Time: 00:06:50

Health: 0/26       AC:  2    Str:  8    XL:     3   Next: 94%
Magic:  7/9        EV: 12    Int: 24    God:
Gold:   91         SH:  0    Dex: 12    Spells: 3/6 levels left

rFire   . . .      SeeInvis .   j - staff of earth
rCold   . . .      Faith    .   (no shield)
rNeg    . . .      Spirit   .   a - +0 robe
rPois   .          Reflect  .   (no helmet)
rElec   .          Harm     .   (no cloak)
rCorr   .          Rampage  .   (no gloves)
Will    .....                   (no boots)
Stlth   ++........              (no amulet)
HPRegen 0.08/turn               (no ring)
MPRegen 0.11/turn               (no ring)

@: no status effects
A: high MP 1, forlorn, divine attributes
a: no special abilities


You were on level 4 of the Dungeon.
You visited 1 branch of the dungeon, and saw 4 of its levels.

You collected 91 gold pieces.

Inventory:

Armour
 a - a +0 robe (worn)
Magical Staves
 j - a staff of earth (weapon)
Wands
 l - a wand of iceblast (5)
Scrolls
 c - 3 scrolls of amnesia {unknown}
 d - 3 scrolls of teleportation {unknown}
 e - a scroll of identify {unknown}
 f - a scroll of vulnerability {unknown}
 i - 2 scrolls of immolation {unknown}
 m - a scroll of torment {unknown}
 n - a scroll of noise {unknown}
Potions
 b - 2 potions of magic
 g - a potion of curing {unknown}
 h - a potion of brilliance {unknown}
 k - a potion of resistance {unknown}


   Skills:
 + Level 2.0 Dodging
 + Level 2.0 Stealth
 + Level 0.6 Unarmed Combat
 + Level 2.3 Spellcasting
 + Level 4.5 Conjurations
 * Level 0.3 Evocations


You had 3 spell levels left.
You knew the following spells:

 Your Spells              Type           Power      Damage    Failure   Level
a - Magic Dart            Conj           96%        1d7       1%          1
b - Searing Ray           Conj           48%        2d6       2%          2

Your spell library contained the following spells:

 Spells                   Type           Power      Damage    Failure   Level
 Apportation              Tloc           4%         N/A       12%         1
 Dazzling Flash           Conj/Hex       26%        N/A       14%         3
 Fulminant Prism          Conj/Hex       6%         3d7       41%         4
 Iskenderun's Mystic Bla  Conj/Tloc      13%        2d5       41%         4
 Alistair's Intoxication  Tmut/Pois      1%         N/A       97%         5


Dungeon Overview and Level Annotations

Branches:
Dungeon (4/15)
 Temple: D:4-7


Innate Abilities, Weirdness & Mutations

You have an increased reservoir of magic. (+10% MP)
You shall have no god before yourself.
Your divine heritage dramatically boosts your attributes as you level up.


Message History

An orc comes into view.
It is wielding a +0 hand axe and quivering silver boomerangs.
An orc opens the door.
An orc is nearby!
A kobold comes into view. It is wielding a +0 club.
The magic dart hits the kobold.
The kobold is heavily wounded.
The magic dart hits the kobold.
You kill the kobold! 2 orcs come into view.
The orc shouts!
You hear a shout! x2
An orc wizard and a kobold come into view.
The orc wizard shouts!
The kobold shouts!
An orc comes into view. It is wielding a +0 hand axe.
The orc wizard moves out of view.
The kobold moves out of view.
An orc comes into view. It is wielding a +0 club.
Found a glowing coppery potion.
The orc shouts! x2
The orc hits you with a +0 falchion. The orc attacks as you move away!
The orc closely misses you.
The orc wizard casts a spell.
The orc wizard flickers and vanishes!
Deactivating autopickup; reactivate with Ctrl-A.
The orc throws a silver boomerang.
The silver boomerang hits you. The orc hits you with a +0 falchion.
The orc attacks as you move away! The orc hits you but does no damage.
The orc throws a silver boomerang.
The silver boomerang hits you but does no damage.
The kobold hits you with a +0 dagger.
You hit the orc.
The orc is moderately wounded.
The kobold hits you with a +0 dagger.
* * * LOW HITPOINT WARNING * * *
The orc hits you with a +0 hand axe.
* * * LOW HITPOINT WARNING * * *
The orc hits you with a +0 falchion.
* * * LOW HITPOINT WARNING * * *
You hit the orc.
The orc is severely wounded.
The kobold hits you with a +0 dagger.
You die...

#........######.......
#......o## #.....
#.......#. #....
#.......#. #...
######..#. #.. ##.#.
#.###### ##.#.##
##......#
#..##.####.......#
#.....oo@Ko).....#
#.##..###o.......# #.
#.## ###oo....# #.....
#......# ##.....
#........ #......
'..!..... #.......
....... #........ ....


You could see 6 orcs and a kobold.

Vanquished Creatures
  3 adders
  A worm (D:2)
  A dart slug (D:1)
  An orc (D:4)
  2 ball pythons (D:2)
  A bat (D:2)
  4 endoplasms
  2 giant cockroaches (D:1)
  4 goblins
  4 hobgoblins
  8 kobolds
  2 quokkas
  5 frilled lizards
  3 rats (D:2)
41 creatures vanquished.

Notes
Turn   | Place    | Note
-------+----------+-------------------------------------------
     0 | D:1      | gelatine the Demigod Conjurer began the quest for the Orb.
     0 | D:1      | Reached XP level 1. HP: 14/14 MP: 5/5
   509 | D:1      | Reached XP level 2. HP: 20/20 MP: 2/7
   742 | D:1      | Reached skill level 4 in Conjurations
  1442 | D:2      | Reached XP level 3. HP: 26/26 MP: 5/8
  2273 | D:2      | Learned a level 2 spell: Searing Ray
  2364 | D:3      | Noticed a scorpion
  2612 | D:4      | HP: 1/26 [orc/+0 falchion (4)]
  2613 | D:4      | Slain by a kobold

Illustrated notes

Levels and vault maps discovered:
D:1:      tarquinn_simple_flora_water_c, layout_loops_ring
D:2:      layout_loops_ring, chequers_ecumenical_altar_island
D:3:      layout_basic, nicolae_ru_the_path_less_chosen,
          mainiacjoe_overflow_tiny_flanked, amcnicky_mini_pool_small
D:4:      minmay_wonky_spiral, layout_gridville, general_overflow_altar,
          chei_slow_surprise, portal_sewer_entry_b, nicolae_shop_vocational

Skill      XL: |  1  2  3 |
---------------+----------+-----
Conjurations   | 4 |  4.5
Spellcasting   | 2 |  2.3
Stealth        | 2 |  2.0
Dodging        | 2 |  2.0
Unarmed Combat | |  0.6
Evocations     | |  0.3

Action                   || total
-------------------------++-------
Melee: Unarmed           ||    13
       Staff             ||     8
 Cast: Magic Dart        ||    87
Armor: Robe              ||    10
Dodge: Dodged            ||    27

Table legend: (Time is in decaauts)
 A = Elapsed time spent in this place.
 B = Non-inter-level travel time spent in this place.
 C = Inter-level travel time spent in this place.
 D = Time resting spent in this place.
 E = Time spent auto-exploring this place.
 F = Levels seen in this place.
 G = Mean time per level.
                   A        B        C        D        E       F      G
               +--------+--------+--------+--------+--------+-----+--------+
         Total |   2619 |   2562 |     57 |    358 |   1897 |   4 |  654.8 |
       Dungeon |   2619 |   2562 |     57 |    358 |   1897 |   4 |  654.8 |
               +--------+--------+--------+--------+--------+-----+--------+

Top non-repeatable levels by time:
     D:1: 1454 daAuts
     D:2: 906 daAuts
     D:4: 230 daAuts
     D:3: 28 daAuts
